ADA, lawful female dwarven Valkyrie --------- --- ---.|.--..-- --- --.-- |..........| ---.---- --------------------...----- |[........------- | ------.....*| ---..........................| ---..(.........................-- |....[-------------------....------- --.......----- .... --.-.....| ---.----- -- |......|.|.-- -- --.........| -.G.........--|...-- |.-- ---.........--.-- |...---..|.--- ---...<.....)--.|..| -... |.............| --..| ---|..(| |.....|.....T.|..| ...- --.....-.....-- |..| ---.--- --....|--....@...-- ..---------........!-| ---- |...| .....--|.........-- --..--..---..........-- ---.--- -......--.|.---....| |........|............| |...--..........|.. |....| |-...................-- -- ---...........-----.|....------ |....>.[.............-- ---*----........-- | |`..-...--..| -.......---...........| ---....|.....---.-- ---.........| |........| |..........-- -- |.............*|- -..--.--.-- --......-- ---........| -.........^...---.- |...|------ |.--.... --......-- |... |......---- . --..| -- --... --....-- -- --.--.-- ---- ----- ---.-- -- -- --- ADA the Woman-at-arms Experience level: 10 Strength: 18 Dexterity: 13 Constitution: 21 Intelligence: 8 Wisdom: 12 Charisma: 14 Health: 0(102) Energy: 8(25) Def: 4 Gold: 7559 Moves: 18301 Dungeon seed: IudsKw4DvbMpELPY Game ID: ADA_1478785832 Your Inventory: Coins $ - 7559 gold pieces Amulets f - an uncursed amulet of ESP Weapons a - the blessed rustproof +2 Excalibur (weapon in hand) Armor q - an uncursed +0 studded leather armor (being worn) z - an uncursed +0 cloak of displacement (being worn) Comestibles b - an uncursed lembas wafer C - 2 uncursed pears D - an uncursed lizard corpse G - an uncursed tin of wererat meat H - 2 uncursed food rations J - an uncursed fortune cookie K - an uncursed food ration O - 3 uncursed food rations Scrolls x - 3 blessed scrolls of blank paper N - an uncursed scroll of enchant weapon P - a blessed scroll of stinking cloud U - an uncursed scroll of fire W - an uncursed scroll of fire Potions v - a cursed potion of gain level A - an uncursed potion of object detection E - 3 uncursed potions of healing X - a potion of holy water Rings e - an uncursed ring of polymorph control g - an uncursed +1 ring of gain constitution (on right hand) i - an uncursed ring of cold resistance m - an uncursed ring of cold resistance s - an uncursed ring of shock resistance B - an uncursed +3 ring of adornment (on left hand) I - an uncursed ring of polymorph Wands h - a wand of digging (0:3) j - a wand of cold (0:2) p - a cursed wand of slow monster (0:3) r - a wand of sleep (0:5) t - a wand of enlightenment (0:10) w - a wand of speed monster (0:7) y - a wand of nothing (0:1) L - a wand of magic missile (0:4) M - a wand of secret door detection (0:9) Q - a wand of sleep (0:7) S - a wand of light (0:11) Tools c - an uncursed sack d - a +0 unicorn horn k - a can of grease (0:11) n - an uncursed skeleton key o - a +0 unicorn horn F - a cursed magic lamp (lit) R - an uncursed sack V - a +0 pick-axe Z - an uncursed towel Gems Y - an uncursed luckstone Contents of the sack: an uncursed clove of garlic an uncursed scroll of blank paper an uncursed scroll of enchant armor 2 uncursed scrolls of light 2 uncursed scrolls of teleportation a cursed scroll of teleportation a potion of holy water a blessed potion of invisibility an uncursed potion of invisibility an uncursed potion of object detection an uncursed skeleton key Contents of the sack: 2390 gold pieces 4 uncursed scrolls of blank paper an uncursed scroll of confuse monster an uncursed scroll of create monster a blessed scroll of enchant weapon an uncursed scroll of enchant weapon an uncursed potion of acid an uncursed potion of blindness an uncursed potion of sickness 2 uncursed potions of water an uncursed ring of slow digestion an uncursed ring of teleport control Spells and supernatural/magical abilities: Name Level Category Fail Memory m - magic missile 2 attack 66% 44% O - create monster 2 clerical 66% 54% W - pray for help -- divine ? -- Your skills at the end: Fighting Skills Weapon Skills dagger [Basic] long sword [Basic] Spellcasting Skills Final Attributes: You were piously aligned. You were cold resistant. You were poison resistant. You were level-drain resistant. You had automatic searching. You had infravision. You were going to confuse monsters. You were adorned. You were displaced. You were stealthy. You aggravated monsters. You could teleport. You were fast. You had extra luck. Bad luck did not time out for you. Good luck did not time out for you. You are dead. Vanquished creatures: a vampire 2 giant mimics 3 large mimics a stalker a giant zombie a winter wolf a small mimic 2 xans an ettin mummy a freezing sphere 2 shocking spheres 2 tigers an ochre jelly 2 leocrottas a human mummy a red naga 2 carnivorous apes 2 ettin zombies 2 crocodiles 2 giant beetles a quivering blob 3 wolves 3 spotted jellies 28 leprechauns 3 orc-captains 4 iron piercers a giant spider a scorpion a horse 2 ice vortices a vampire bat a gnome king an orc mummy a dwarf mummy an owlbear 2 yetis a gold golem 2 Green-elves 3 lizards 2 chickatrices 3 dingos a housecat a dwarf lord a blue jelly 2 gray unicorns 2 black unicorns a plains centaur a gnome mummy a human zombie 2 rope golems 2 bugbears an imp 2 wood nymphs 2 water nymphs 34 Mordor orcs 6 Uruk-hai an orc shaman 6 rock piercers a rock mole 2 ponies 2 fog clouds 3 yellow lights 4 violet fungi a gnomish wizard 2 kobold mummies a red naga hatchling a golden naga hatchling a gray ooze a barrow wight 6 elf zombies a ghoul a straw golem 3 paper golems 5 giant ants a little dog 3 floating eyes 2 kittens a dwarf 2 homunculi 2 kobold lords 5 hill orcs 5 rothes a rabid rat a centipede 6 giant bats 2 monkeys 4 orc zombies 6 dwarf zombies 4 wererats 8 iguanas 5 killer bees 2 acid blobs 3 gas spores 3 hobbits a large kobold 3 hobgoblins 8 giant rats 6 cave spiders a brown mold 2 yellow molds 2 green molds 6 gnomes 15 garter snakes 5 gnome zombies 8 geckos 5 jackals 3 foxes 5 kobolds 3 goblins 2 sewer rats 10 grid bugs a bat 7 lichens 2 kobold zombies 5 newts 363 creatures vanquished. Voluntary challenges: You used a wielded weapon 613 times, starting on turn 5. You read items or engraved 87 times, starting on turn 4359. You never genocided any monsters. You never polymorphed an object. You never changed form. You used no wishes. You never split a pudding. You wrote Elbereth's name 53 times, starting on turn 8178. You violated your moral code, losing 75 points of alignment, starting on turn 2984. Dungeon overview: The Dungeons of Doom: levels 1 to 16 Level 1 a long staircase Level 2 a scroll shop stairs to The Gnomish Mines Level 3 a general store, an altar to Tyr Level 4 a fountain Level 5 a fountain Level 6 Level 7 Level 8 an altar to Odin, some fountains Level 9 many fountains Level 10 stairs to Sokoban Level 11 Level 12 Level 13 Level 14 a fountain portal to Fort Ludios Level 15 a fountain Level 16 The Gnomish Mines: levels 3 to 11 Level 3 stairs to The Dungeons of Doom Level 4 Level 5 Level 6 many shops, a temple to Tyr, some fountains Level 7 Level 8 Level 9 <- You were here Level 10 Level 11 some fountains Sokoban: levels 6 to 9 Level 6 Level 7 Level 8 Level 9 stairs to The Dungeons of Doom Fort Ludios: Level 1 portal to The Dungeons of Doom History has recorded: On T:1 you entered the Dungeons of Doom to retrieve the Amulet of Yendor! On T:237 you advanced to experience level 2. On T:477 you reached level 2 of The Dungeons of Doom. On T:864 you reached level 3 of The Dungeons of Doom. On T:1048 you advanced to experience level 3. On T:1254 you reached level 4 of The Dungeons of Doom. On T:1757 you advanced to experience level 4. On T:1801 you reached level 5 of The Dungeons of Doom. On T:2750 you advanced to experience level 5. On T:3071 you advanced to experience level 6. On T:3108 you reached level 6 of The Dungeons of Doom. On T:3682 you advanced to experience level 7. On T:4291 you advanced to experience level 8. On T:4316 you reached level 7 of The Dungeons of Doom. On T:4611 you reached level 8 of The Dungeons of Doom. On T:4740 you reached level 9 of The Dungeons of Doom. On T:5772 you reached level 2 of The Gnomish Mines. On T:6073 you reached level 3 of The Gnomish Mines. On T:6353 you reached level 4 of The Gnomish Mines. On T:7141 you reached level 5 of The Gnomish Mines. On T:7438 you reached level 6 of The Gnomish Mines. On T:7798 you reached level 7 of The Gnomish Mines. On T:7833 you reached level 9 of The Gnomish Mines. On T:7904 you advanced to experience level 9. On T:8011 you reached level 8 of The Gnomish Mines. On T:9053 you reached level 10 of The Dungeons of Doom. On T:9246 you reached level 4 of Sokoban. On T:9620 you reached level 3 of Sokoban. On T:11042 you reached level 2 of Sokoban. On T:11600 you reached level 1 of Sokoban. On T:12802 you reached level 11 of The Dungeons of Doom. On T:13292 you reached level 12 of The Dungeons of Doom. On T:13630 you reached level 13 of The Dungeons of Doom. On T:14337 you advanced to experience level 10. On T:14537 you reached level 14 of The Dungeons of Doom. On T:14731 you reached level 15 of The Dungeons of Doom. On T:15177 you reached Fort Ludios. On T:15656 you reached level 16 of The Dungeons of Doom. Score breakdown: Gold: 9949 (13599 points) Experience: 10 levels (16712 points) Exploration: 21 levels ( 44.68%) (19781 points) Discoveries: 42 items ( 17.07%) (12395 points) Valuables value: (no points given unless you survive) Artifact value: 4000 (12253 points) Variety of kills: 115 monsters ( 30.18%) (16481 points) Turncount: 18301 turns (-3271 points) Survival: died (score multiplied by 80%) Total score: 70360 Latest messages: The gnomish wizard looks better. The gnomish wizard points at the warhorse, then curses. The warhorse hits the gnomish wizard. The warhorse misses the gnomish wizard. The warhorse hits the gnomish wizard. The gnomish wizard is killed! You kill the gas spore! The Olog-hai gets angry! The Olog-hai is caught in the gas spore's explosion! You are caught in the gas spore's explosion! You hit the Olog-hai! The Olog-hai hits! (2x) The Olog-hai bites! You miss the Olog-hai. The Olog-hai hits! (2x) The Olog-hai bites! As you read the scroll, it disappears. Your hands begin to glow red. The Olog-hai hits! (2x) You die... Final status: Farvel ADA the Valkyrie, killed by an Olog-hai... You died in The Gnomish Mines on dungeon level 9 with 70360 points, and 9949 pieces of gold, after 18301 moves. You were level 10 with a maximum of 102 hit points when you died.